AoeStats
← CLB_Shaka

Fortress

509251434Analyzed
4v4 RM · 6d ago on Sep 26, 2026· 35m 55s· 8 players
Game mode
Random Map
Map size
Huge
Population
200
Speed
Normal
Resources
Standard
Victory
Conquest
Starting age
Dark Age
Ending age
Imperial Age
RankedLock teamsTeams togetherTeam positionsShared explorationLock speedFull tech treeHidden civsTurbo modeCheats
Victory
Defeat
🇺🇸 Spanish · United States
1325
+15
🇲🇽 Danes · Mexico
1322
+15
🇨🇳 Wei · China
1286
+17
🇨🇴 Turks · Colombia
1246
+18
🇨🇴 Varangians · Colombia
1411
-21
🇺🇸 Saxons · United States
1321
-17
🇺🇸 Jurchens · United States
1239
-14
🇨🇦 Khitans · Canada
1231
-13
Snorkiss89
7:28 Feudal Age
11:00 Castle Age
9:03 Double-Bit Axe
9:13 Horse Collar
12:20 Bow Saw
12:11 Heavy Plow
22:09 Wheelbarrow
24:07 Gold Mining
25:20 Caravan
26:06 Hand Cart
28:21 Imperial Age
25:37 Loom
25:38 Town Watch
26:06 Fortified Wall
27:05 Stone Mining
28:34 Scale Barding Armor
28:40 Forging
30:03 Two-Man Saw
28:25 Cavalier
29:47 Bloodlines
29:59 Conscription
30:03 Chain Barding Armor
30:18 Iron Casting
30:20 Husbandry
29:58 Paladin
31:42 Plate Barding Armor
32:08 Blast Furnace
阿栋i
7:22 Feudal Age
9:15 Loom
12:05 Castle Age
10:09 Horse Collar
10:27 Double-Bit Axe
11:02 Gold Mining
11:30 Stone Mining
12:39 Wheelbarrow
13:43 Bow Saw
14:37 Heavy Plow
17:34 Hand Cart
20:09 Tuntian
25:57 Imperial Age
26:11 Stone Shaft Mining
26:11 Gold Shaft Mining
25:49 Forging
25:45 Scale Barding Armor
27:07 Conscription
27:14 Ming Guang Armor
27:26 Iron Casting
27:46 Crop Rotation
27:42 Caravan
28:39 Chain Barding Armor
30:04 Blast Furnace
28:36 Elite Tiger Cavalry
31:55 Treadmill Crane
HK El Primo
8:36 Feudal Age
12:05 Castle Age
9:48 Horse Collar
10:51 Double-Bit Axe
12:04 Forging
12:58 Heavy Plow
13:30 Forging
13:24 Scale Mail Armor
15:53 Chain Mail Armor
15:52 Forging
18:16 Iron Casting
21:54 Fletching
22:59 Loom
23:39 Bodkin Arrow
28:10 Imperial Age
28:35 Padded Archer Armor
29:10 Bow Saw
30:18 Blast Furnace
30:57 Conscription
30:56 Gold Mining
31:52 Leather Archer Armor
31:56 Chain Mail Armor
31:41 Bracer
31:47 Elite Skirmisher
35:07 Ballistics
37:05 Chemistry
CLB_Shaka
1:47 Loom
7:37 Feudal Age
11:43 Castle Age
10:03 Double-Bit Axe
19:20 Padded Archer Armor
22:17 Horse Collar
23:09 Leather Archer Armor
25:57 Heavy Plow
30:33 Imperial Age
28:35 Ballistics
30:27 Wheelbarrow
35:13 Hand Cart
35:30 Ring Archer Armor
34:27 Elite Janissary
CKWeather
7:32 Feudal Age
11:31 Castle Age
10:12 Double-Bit Axe
10:23 Loom
10:37 Horse Collar
10:58 Fletching
16:16 Bodkin Arrow
16:22 Padded Archer Armor
23:27 Town Watch
25:15 Leather Archer Armor
25:41 Elite Skirmisher
26:50 Ballistics
30:10 Wheelbarrow
30:00 Bow Saw
32:19 Heavy Plow
31:44 Pikeman
33:24 Fortified Bastions
33:46 Scale Mail Armor
33:56 Forging
34:03 Squires
34:54 Chain Mail Armor
Neebs
7:37 Feudal Age
8:53 Double-Bit Axe
11:12 Castle Age
9:54 Horse Collar
12:08 Bow Saw
16:09 Loom
18:38 Wheelbarrow
20:12 Heavy Plow
21:10 Gold Mining
21:12 Stone Mining
22:54 Hand Cart
26:25 Imperial Age
24:36 Scale Mail Armor
24:38 Squires
25:55 Caravan
27:05 Chain Mail Armor
26:34 Shield Wall
27:35 Conscription
27:28 Forging
27:04 Arson
27:25 Gambesons
27:35 Elite Hearth Troop
29:05 Ballistics
29:17 Plate Mail Armor
30:21 Iron Casting
30:16 Elite Varangian Guard
30:51 Fletching
32:03 Bodkin Arrow
dbaz84
8:45 Feudal Age
10:13 Loom
12:51 Castle Age
11:36 Double-Bit Axe
13:09 Domestication
14:05 Stone Mining
14:28 Bow Saw
14:20 Pastoralism
14:16 Fletching
18:25 Fletching
19:27 Wheelbarrow
19:18 Gold Mining
19:56 Bodkin Arrow
23:06 Padded Archer Armor
25:31 Ballistics
26:52 Elite Skirmisher
29:09 Leather Archer Armor
29:56 Caravan
35:44 Imperial Age
34:41 Fortified Wall
34:48 Masonry
CrimsonTyphoon
7:30 Feudal Age
11:35 Castle Age
10:18 Double-Bit Axe
10:19 Horse Collar
11:25 Bloodlines
13:17 Loom
16:20 Scale Mail Armor
17:24 Forging
17:52 Scale Barding Armor
18:56 Town Watch
22:11 Chain Barding Armor
25:06 Wheelbarrow
30:02 Imperial Age
28:19 Iron Casting
28:12 Husbandry
29:45 Vendel Legacy
30:41 Hand Cart
30:26 Town Patrol
30:18 Cavalier
31:17 Town Patrol
32:34 Gold Mining
34:17 Blast Furnace
33:52 Plate Barding Armor
33:31 Pikeman
36:36 Plate Barding Armor
Connection lost

Rejoining the realm…

Still unreachable

The connection could not be restored.

Session expired

The server has moved on; the page needs a fresh start.